 Dungeon Crawl Stone Soup version 0.27-a0-543-gd81048afd2 (webtiles) character file.

Game seed: 5266699390105080552

328 Leibowitz the Covered (level 6, -10/55 HPs)
             Began as a Minotaur Fighter on Mar 7, 2021.
             Mangled by an ogre
             ... wielding a +0 giant club
              (21 damage)
             ... on level 5 of the Dungeon.
             The game lasted 00:05:33 (3478 turns).

Leibowitz the Covered (Minotaur Fighter)            Turns: 3478, Time: 00:05:34

Health: -10/55     AC:  7    Str: 23    XL:     6   Next: 25%
Magic:  5/5        EV: 10    Int:  5    God:
Gold:   287        SH:  0    Dex:  9    Spells: 5/5 levels left

rFire    . . .     SeeInvis .   a - +0 war axe
rCold    . . .     Faith    .   (no shield)
rNeg     + . .     Spirit   .   b - +0 scale mail
rPois    .         Reflect  .   (helmet restricted)
rElec    .         Harm     .   (no cloak)
rCorr    .         Rampage  .   (no gloves)
Will     .....                  (no boots)
Stlth    ..........             (no amulet)
HPRegen  0.18/turn              p - ring of positive energy
MPRegen  0.09/turn              (no ring)

@: no status effects
A: horns 2, retaliatory headbutt
a: no special abilities


You were on level 5 of the Dungeon.
You visited 1 branch of the dungeon, and saw 5 of its levels.

You collected 287 gold pieces.

Inventory:

Hand Weapons
 a - a +0 war axe (weapon)
Armour
 b - a +0 scale mail (worn)
Jewellery
 j - a ring of fire
 p - a ring of positive energy (left hand)
Wands
 l - a wand of digging (1)
 r - a wand of polymorph (5)
Scrolls
 e - a scroll of blinking {unknown}
 f - 2 scrolls of identify {unknown}
 g - 2 scrolls of teleportation {unknown}
 i - a scroll of random uselessness {unknown}
 n - 2 scrolls of magic mapping {unknown}
 q - a scroll of enchant armour {unknown}
 t - a scroll of immolation {unknown}
Potions
 c - 9 potions of heal wounds {unknown}
 d - 2 potions of might
 h - 2 potions of experience {unknown}
 k - 2 potions of haste {unknown}
 m - a potion of flight {unknown}
 o - a potion of brilliance {unknown}
 s - a potion of degeneration {unknown}


   Skills:
 + Level 4.9 Fighting
 + Level 5.1 Axes
 + Level 5.8 Armour
 + Level 1.1 Dodging
 + Level 0.3 Stealth
 + Level 4.0 Shields


You had 5 spell levels left.
You didn't know any spells.
Your spell library contained the following spells:

 Spells                   Type           Power      Damage    Failure   Level
 Beastly Appendage        Tmut           0%         N/A       77%         1
 Wereblood                Tmut           0%         N/A       88%         2
 Spider Form              Tmut/Pois      0%         N/A       98%         3
 Ice Form                 Ice/Tmut       0%         N/A       100%        4
 Blade Hands              Tmut           0%         N/A       100%        5


Dungeon Overview and Level Annotations

Branches:
Dungeon (5/15)
 Temple: D:4-7

Altars:
Ashenzari
Elyvilon
Gozag
Kikubaaqudgha
Vehumet
Zin

Annotations:
D:5 Menkaure


Innate Abilities, Weirdness & Mutations

You have a pair of horns on your head.
You reflexively headbutt those who attack you in melee.


Message History

The centaur shoots an arrow.
The arrow hits you.
The bullfrog skeleton hits you but does no damage.
You climb upwards.
There is a stone staircase leading down here.
There is a stone staircase leading down here.
You climb downwards.
Level annotation: Menkaure
Found 29 gold pieces.
There is a stone staircase leading up here.
Menkaure is nearby!
You slash the bullfrog skeleton!
The bullfrog skeleton is heavily damaged.
The bullfrog skeleton hits you.
The bullfrog skeleton closely misses you.
You slash the bullfrog skeleton!
Your headbutt misses the bullfrog skeleton.
The bullfrog skeleton is almost destroyed.
The bullfrog skeleton barely misses you.
You furiously retaliate!
You headbutt the bullfrog skeleton!
You destroy the bullfrog skeleton!
There is a stone staircase leading up here.
An ogre comes into view. It is wielding a +0 giant club.
The ogre shouts!
An ufetubus comes into view.
Menkaure hits you!
Found 16 gold pieces.
Found the +12 Vampire's Tooth {vamp}.
You closely miss Menkaure. Menkaure hits you!!
You barely miss Menkaure. Menkaure hits you but does no damage.
You barely miss Menkaure.
Menkaure calls on the powers of darkness!
Your body is wracked with pain!
* * * LOW HITPOINT WARNING * * *
The ogre convulses!
You hit Menkaure. Your headbutt misses Menkaure.
Menkaure is moderately damaged.
You hit the ogre. Menkaure hits you.
* * * LOW HITPOINT WARNING * * *
The ogre hits you with a +0 giant club!!
You die...

##...............
...........###.#.>.
#.......... ## #.
##.. .......
####...##...)..
#.#.#.#.#.#.#.#.#
...............
##.#.#.#.#M#.#.#.#
#.......<.@5......
##.#.#.#.#O#.#.#.#
....##..... #....
.......# #...$.
.........
##.##$...$...... ##
............
..)........


You could see an ogre, Menkaure and an ufetubus.

Vanquished Creatures
  An ogre (D:4)
  2 centaur skeletons (D:4)
  2 bullfrog skeletons
  5 adders
  An ooze (D:4)
  2 adder skeletons (D:4)
  3 worms
  4 dart slugs
  2 leopard geckos
  2 orcs
  5 giant cockroaches
  12 hobgoblins
  A jackal (D:3)
  4 kobolds
  3 quokkas
  4 bats
  2 frilled lizards (D:2)
  2 goblins
  10 rats
67 creatures vanquished.

Vanquished Creatures (others)
  10 plants (D:3)
10 creatures vanquished.

Grand Total: 77 creatures vanquished

Notes
Turn   | Place    | Note
-------+----------+-------------------------------------------
     0 | D:1      | Leibowitz the Minotaur Fighter began the quest for the Orb.
     0 | D:1      | Reached XP level 1. HP: 19/19 MP: 0/0
   508 | D:1      | Found a broken altar of Ashenzari.
   887 | D:2      | Reached XP level 2. HP: 27/27 MP: 1/1
  1049 | D:2      | Reached XP level 3. HP: 29/33 MP: 2/2
  1204 | D:2      | Found a glowing silver altar of Zin.
  1237 | D:2      | Found an opulent altar of Gozag.
  1715 | D:3      | Reached XP level 4. HP: 31/40 MP: 3/3
  2221 | D:3      | Found a radiant altar of Vehumet.
  2223 | D:3      | Found a white marble altar of Elyvilon.
  2585 | D:4      | Reached skill level 5 in Armour
  2585 | D:4      | Reached XP level 5. HP: 39/47 MP: 4/4
  2901 | D:4      | Found an ancient bone altar of Kikubaaqudgha.
  3248 | D:4      | Reached skill level 1 in Dodging
  3248 | D:4      | Noticed an ogre
  3251 | D:4      | Killed an ogre
  3252 | D:4      | Reached skill level 5 in Axes
  3252 | D:4      | Reached XP level 6. HP: 55/55 MP: 5/5
  3429 | D:5      | Entered Level 5 of the Dungeon
  3429 | D:5      | Noticed Menkaure
  3475 | D:5      | Found the +12 Vampire's Tooth {vamp}
  3478 | D:5      | Mangled by an ogre

Illustrated notes

Levels and vault maps discovered:
D:1:      dpeg_arrival_tiny_k, layout_basic, dk_noncrumbling_2, nrook_uturn,
          evilmike_ruin_ashenzari
D:2:      layout_basic, pdpol_temple_overflow_zin_treasury_gozag_greed
D:3:      layout_loops_ring, chequers_temple_overflow_statue_of_worship,
          kennysheep_boxes
D:4:      layout_cave_pods, lemuel_round_altar
D:5:      layout_cave_pools, minmay_temple_entry_nine_rooms, st_stairs_13,
          minmay_misc_feat_enclosed, amcnicky_altar_gilded, uniq_duvessa,
          uniq_menkaure, uniq_sigmund, uniq_eustachio

Skill      XL: |  1  2  3  4  5 |
---------------+----------------+-----
Armour         | 4 5 |  5.8
Shields        | 4 |  4.0
Fighting       | 4 |  4.9
Axes           | 3 4 5 |  5.1
Dodging        | 1 |  1.1
Stealth        | |  0.3

Action                   |  1- 3 |  4- 6 || total
-------------------------+-------+-------++-------
Melee: War axe           |    73 |    71 ||   144
       Headbutt          |    10 |    14 ||    24
Armor: Scale mail        |    51 |    35 ||    86
Dodge: Dodged            |    39 |    52 ||    91

Table legend: (Time is in decaauts)
 A = Elapsed time spent in this place.
 B = Non-inter-level travel time spent in this place.
 C = Inter-level travel time spent in this place.
 D = Time resting spent in this place.
 E = Time spent auto-exploring this place.
 F = Levels seen in this place.
 G = Mean time per level.
                   A        B        C        D        E       F      G
               +--------+--------+--------+--------+--------+-----+--------+
         Total |   3524 |   3419 |    105 |    214 |   2598 |   5 |  704.8 |
       Dungeon |   3524 |   3419 |    105 |    214 |   2598 |   5 |  704.8 |
               +--------+--------+--------+--------+--------+-----+--------+

Top non-repeatable levels by time:
     D:4: 975 daAuts
     D:3: 884 daAuts
     D:1: 869 daAuts
     D:2: 763 daAuts
     D:5: 31 daAuts
